 Dungeon Crawl Stone Soup version 0.17.1-1-g73c8601 (webtiles) character file.

52 Grim the Chiller (level 3, -3/24 (26) HPs)
             Began as a Ghoul Ice Elementalist on Jan 9, 2016.
             Slain by a worm (10 damage)
             ... on level 2 of the Dungeon.
             The game lasted 00:07:41 (2558 turns).

Grim the Chiller (Ghoul Ice Elementalist)           Turns: 2558, Time: 00:07:41

HP:   -3/24 (26)    AC:  2    Str: 11    XL:     3   Next: 85%
MP:   0/4           EV: 12    Int: 11    God:
Gold: 58            SH:  0    Dex:  9    Spells: 2 memorised, 2 levels left

rFire  . . .     SeeInvis .     (no weapon)
rCold  + . .     Clarity  .     a - +0 robe
rNeg   + + +     SustAt   .     (no shield)
rPois  ∞         Gourm    .     (no helmet)
rElec  .         Spirit   .     (no cloak)
rCorr  .         Warding  .     (no gloves)
rMut   .         Stasis   .     (no boots)
MR     .....                    (no amulet)
Stlth  ++........               (no ring)
                                (no ring)

@: very slightly contaminated, rotting, not resistant to hostile enchantments,
unstealthy
A: rotting body, claws 1, carnivore 3, cold resistance 1, negative energy
resistance 3, slow regeneration 1, torment resistance, unbreathing
a: no special abilities


You were on level 2 of the Dungeon.
You were not hungry.

You visited 1 branch of the dungeon, and saw 2 of its levels.

You collected 58 gold pieces.

Inventory:

Armour
 a - a +0 robe (worn)
Scrolls
 d - 3 scrolls of identify {unknown}
 e - a scroll of fear {unknown}
 m - a scroll of magic mapping {unknown}
Potions
 g - a potion of cure mutation {unknown}
 h - a potion of brilliance {unknown}
 i - a potion of curing {unknown}
 j - 2 potions of heal wounds {unknown}
 k - a potion of haste {unknown}
 l - a potion of might {unknown}
Books
 b - a book of Frost

   Spells                             Type                      Level
   a - Freeze                         Ice                          1
   b - Throw Frost                    Conjuration/Ice              2
   c - Ozocubu's Armour               Charms/Ice                   3
   d - Throw Icicle                   Conjuration/Ice              4
   e - Summon Ice Beast               Ice/Summoning                4
   f - Condensation Shield            Ice                          4
Comestibles
 c - 3 meat rations
 f - a beef jerky


   Skills:
 - Level 1.7 Dodging
 - Level 2.1 Stealth
 - Level 1.7 Spellcasting
 + Level 1.0 Conjurations
 + Level 5.0 Ice Magic


You had 2 spell levels left.
You knew the following spells:

 Your Spells              Type           Power        Failure   Level  Hunger
a - Freeze                Ice            ##..         4%          1    ##.....
b - Throw Frost           Conj/Ice       #.....       17%         2    ###....


Dungeon Overview and Level Annotations

Branches:
Dungeon (2/15)

Altars:


Innate Abilities, Weirdness & Mutations

Your body is rotting away.
You thrive on raw meat.
You are immune to poison.
You have sharp fingernails.
You are carnivorous and can eat meat at any time.
Your flesh is cold resistant.
You are immune to negative energy.
You regenerate slowly when monsters are visible.
You are immune to unholy pain and torment.
You can survive without breathing.


Message History

Aim: a worm (moderately wounded)
You freeze the worm.
The worm is heavily wounded.
The worm bites you.
* * * LOW HITPOINT WARNING * * *
Casting: Freeze
Confirm with . or Enter, or press ? or * to list all spells.
Aiming: Freeze
Press: ? - help, Shift-Dir - straight line, f/p - worm
Aim: a worm (moderately wounded)
You freeze the worm.
The worm is heavily wounded.
The worm bites you.
* * * LOW HITPOINT WARNING * * *
You scratch the worm.
The worm is heavily wounded.
You scratch the worm.
The worm is severely wounded.
The worm bites you!
You die...

.....#.# .....#.
...... #+#....
#...^.### #
.#.#.......#.#
......w....#.### #.
#.# #@.......$ #. #.#
#..#.#.... ###.##.#
#....$....
.......#####.#.#####
###..........#.....
#..................#
.##..........#######.#
.........###.#########
########.# #.........


You could see a worm.

Vanquished Creatures
  A gnoll (D:1)
  An ooze (D:1)
  A worm (D:2)
  3 bats
  A giant cockroach (D:1)
  4 hobgoblins (D:1)
  5 jackals (D:1)
  A giant newt (D:1)
  8 goblins
  6 kobolds
  4 rats (D:1)
35 creatures vanquished.

Notes
Turn   | Place    | Note
--------------------------------------------------------------
     0 | D:1      | Grim the Ghoul Ice Elementalist began the quest for the Orb.
     0 | D:1      | Reached XP level 1. HP: 14/14 MP: 2/2
   333 | D:1      | Reached XP level 2. HP: 12/20 MP: 0/3
   510 | D:1      | Reached skill level 4 in Ice Magic
   857 | D:1      | Reached XP level 3. HP: 26/26 MP: 0/4
  1992 | D:2      | Reached skill level 5 in Ice Magic
  2007 | D:2      | Learned a level 2 spell: Throw Frost
  2336 | D:2      | Reached skill level 1 in Conjurations
  2558 | D:2      | Slain by a worm

Action                   || total
-------------------------++-------
Melee: Unarmed           ||    52
 Cast: Freeze            ||    46
       Throw Frost       ||     6
 Stab: Sleeping          ||     1
  Eat: Chunk             ||    12
